Blues vs Avalanche (R2)

Created - December 22, 2017 at 00:07

Goals
1 2 3 T
Blues 2 0 0 2
Avalanche 1 1 5 7
Shots
1 2 3 T
Blues 7 9 11 27
Avalanche 15 6 22 43

1st period

1. Blues , Patrick Kaleta 3 (Logan Couture 5, Drew Fata 4) at 1:01
2. Avalanche , Corey Perry 11 (Bryan Little 22, Pernell Karl Subban 8) at 8:09
3. Blues , Travis Zajac 13 (Alex Pietrangelo 25) at 14:29 (PP)

Penalties :
Brandon Yip (Col) for Hooking (Minor) at 5:45, Sergei Shirokov (STL) for Hooking (Minor) at 12:19, Alexander Radulov (Col) for Goalie Interference (Minor) at 13:57, Logan Couture (STL) for Holding (Minor) at 17:37

2nd period

4. Avalanche , Andrew Ladd 5 (Chuck Kobasew 7, Johnny Boychuk 8) at 6:26

Penalties :
Alex Pietrangelo (STL) for Hooking (Minor) at 0:32, Bryan Little (Col) for Tripping (Minor) at 2:11, Jack Johnson (Col) for Hooking (Minor) at 7:48, Mikkel Boedker (Col) for Tripping (Minor) at 18:07

3rd period

5. Avalanche , Corey Perry 12 (Bryan Little 23, Jack Johnson 10) at 4:18 (PP)
6. Avalanche , Ryan Smyth 6 (Cory Emmerton 4) at 8:16
7. Avalanche , Alexander Radulov 4 (Paul Stastny 13, Andrei Kostitsyn 9) at 8:32
8. Avalanche , Andrei Kostitsyn 8 (Alexander Radulov 12, Jack Johnson 11) at 15:18 (PP)
9. Avalanche , Andrei Kostitsyn 9 (Jack Johnson 12, Pernell Karl Subban 9) at 17:46

Penalties :
Marian Hossa (STL) for Hooking (Minor) at 3:06, Andrew Ladd (Col) for Roughing (Minor) at 5:52, Marian Hossa (STL) for Interference (Minor) at 6:14, Travis Zajac (STL) for Tripping (Minor) at 11:54, Alex Pietrangelo (STL) for Interference (Minor) at 14:45, Mattias Ekholm (Col) for Tripping (Minor) at 19:56

Goalie Stats

Tuukka Rask (STL), 36 saves from 43 shots - (0.837), L, 12-10-2, 60:00 minutes
Semyon Varlamov (Col), 25 saves from 27 shots - (0.926), W, 15-7-4, 60:00 minutes

Players Stats for Blues

Player Name              G  A  P  +/- PIM S  H  SB GA TA FO     MP     PP MP  PK MP  
------------------------------------------------------------------------------------
Alex Pietrangelo         0  1  1  -3  4   5  3  2  1  0  0/0    26:29   5:45   0:42 
Bryce Lampman            0  0  0  -2  0   0  3  1  0  1  0/0    26:10   2:21   6:00 
Chris Higgins            0  0  0   0  0   1  0  0  2  0  0/0     8:53   0:00   1:30 
David Perron             0  0  0   0  0   3  0  0  0  0  1/1    14:43   2:35   0:00 
Drew Fata                0  1  1  -2  0   1  1  3  0  0  0/0    20:17   0:27   5:40 
Drew Stafford            0  0  0  -1  0   0  1  1  0  0  0/0     7:42   0:00   2:16 
Jake Gardiner            0  0  0  -1  0   0  1  1  1  0  0/0    21:41   5:13   3:00 
Linus Omark              0  0  0  -1  0   0  0  0  0  0  0/0     5:40   0:13   0:00 
Logan Couture            0  1  1   0  2   2  2  1  0  0  2/6     9:42   0:00   2:20 
Marian Hossa             0  0  0  -3  4   2  0  0  0  0  0/3    20:37   5:25   0:00 
Nicklas Backstrom        0  0  0  -3  0   2  1  0  2  1  21/32  23:33   5:26   2:39 
Patrick Kaleta           1  0  1   0  0   1  0  0  0  0  0/0    12:47   0:00   5:24 
Sergei Shirokov          0  0  0   0  2   0  0  0  1  0  0/1    14:38   2:46   0:00 
Taylor Hall              0  0  0  -3  0   5  2  0  0  1  1/1    23:08   5:28   0:12 
Tomas Plekanec           0  0  0  -1  0   1  0  1  0  0  1/3     6:24   0:00   0:44 
Travis Zajac             1  0  1   0  2   3  1  1  0  1  15/30  20:28   2:42   3:39 
Victor Hedman            0  0  0   0  0   1  0  1  0  0  0/0    13:57   2:38   0:22 
Yann Sauvé               0  0  0   0  0   0  2  1  0  0  0/0    11:24   0:00   3:00 

Players Stats for Avalanche

Player Name              G  A  P  +/- PIM S  H  SB GA TA FO     MP     PP MP  PK MP  
------------------------------------------------------------------------------------
Alexander Radulov        1  1  2   2  2   4  1  0  1  0  0/0    16:32   3:09   0:00 
Andrei Kostitsyn         2  1  3   2  0   5  3  0  0  1  0/0    18:43   3:26   0:46 
Andrew Ladd              1  0  1   1  2   1  3  0  0  0  0/1     9:36   0:56   2:20 
Brandon Yip              0  0  0   0  2   0  0  0  0  0  0/0     8:53   0:32   1:35 
Bryan Little             0  2  2   1  2   5  2  2  0  0  16/34  20:07   5:21   0:15 
Chuck Kobasew            0  1  1   1  0   2  0  1  0  0  0/1    11:10   0:00   4:49 
Corey Perry              2  0  2   1  0   7  2  1  0  0  0/0    18:38   5:40   0:00 
Cory Emmerton            0  1  1   0  0   1  1  0  0  0  4/5     9:10   0:00   1:34 
Jack Johnson             0  3  3   3  2   5  2  2  0  0  0/0    28:53   6:21   3:29 
Johnny Boychuk           0  1  1   1  0   2  1  1  1  1  0/0    19:07   0:22   3:41 
Mark Giordano            0  0  0   0  0   0  1  0  0  0  0/0    10:33   0:22   0:41 
Mattias Ekholm           0  0  0   0  2   0  0  2  0  0  0/0    15:46   2:39   3:46 
Mike Comrie              0  0  0   1  0   0  0  1  0  0  5/13   11:45   0:36   4:48 
Mikkel Boedker           0  0  0   1  2   5  2  0  2  0  0/0    20:38   5:22   0:14 
Paul Stastny             0  1  1   2  0   2  4  0  0  0  11/23  16:48   3:02   0:03 
Pernell Karl Subban      0  2  2   3  0   2  0  5  0  2  0/0    26:04   2:42   4:47 
Ryan Smyth               1  0  1   0  0   2  0  0  0  1  0/0     6:32   0:00   0:00 
Steven Kampfer           0  0  0   1  0   0  0  1  0  2  0/0    20:28   6:18   0:00 

3 Stars

1 - Andrei Kostitsyn (Col)
2 - Corey Perry (Col)
3 - Jack Johnson (Col)

Power Play

Blues - 1 on 7 Attempt(s) - 14.29%
Avalanche - 2 on 7 Attempt(s) - 28.57%

Penalty Kill

Blues - 5 on 7 Attempt(s) - 71.43% - Score 0 goal in Penalty Kill
Avalanche - 6 on 7 Attempt(s) - 85.71% - Score 0 goal in Penalty Kill

Team Stat

Blues - Hits : 17 - Faceoff Wins : 41 - Blocked Shots : 13 - Penalty Minutes : 14
Avalanche - Hits : 22 - Faceoff Wins : 36 - Blocked Shots : 16 - Penalty Minutes : 14

Official

Referees : StPierre Justin and Kozari Steve
Linesman : Tony Sericolo and Steve Barton

Game Notes

No Game Note

Finance

Level 1 -- Attendance: 6000 (100.00%) -- Ticket Income $534,000
Level 2 -- Attendance: 4565 (91.30%) -- Ticket Income $251,075
Level 3 -- Attendance: 1793 (89.65%) -- Ticket Income $59,169
Level 4 -- Attendance: 3949 (98.73%) -- Ticket Income $90,827
Luxury Box -- Attendance: 726 (72.60%) -- Ticket Income $124,872
Game was played at the Pepsi Center.
Total Attendance: 17033 (94.63%)
Total Ticket Income: $1,059,943
Other Income: $158,991
Total Income: $1,218,934

Blues

5 vs 5 Forward 
   Center                   Left Wing                Right Wing               Time % Phy DF OF 
 1 Nicklas Backstrom        Taylor Hall              Marian Hossa             40     1   2  2  
 2 Travis Zajac             David Perron             Sergei Shirokov          30     1   2  2  
 3 Logan Couture            Chris Higgins            Patrick Kaleta           20     1   2  2  
 4 Tomas Plekanec           Linus Omark              Drew Stafford            10     1   2  2  

5 vs 5 Defense 
   Defense                  Defense                                           Time % Phy DF OF 
 1 Alex Pietrangelo         Bryce Lampman                                     40     1   2  2  
 2 Jake Gardiner            Drew Fata                                         30     1   2  2  
 3 Victor Hedman            Yann Sauvé                                        20     1   2  2  
 4 Alex Pietrangelo         Drew Fata                                         10     1   2  2  

PowerPlay Forward 
   Center                   Left Wing                Right Wing               Time % Phy DF OF 
 1 Nicklas Backstrom        Taylor Hall              Marian Hossa             60     1   2  2  
 2 Travis Zajac             David Perron             Sergei Shirokov          40     1   2  2  

PowerPlay Defense
   Defense                  Defense                                           Time % Phy DF OF 
 1 Jake Gardiner            Alex Pietrangelo                                  60     1   2  2  
 2 Bryce Lampman            Victor Hedman                                     40     1   2  2  

Penalty Kill 4 Players Forward 
   Center                   Wing                     Time % Phy DF OF 
 1 Travis Zajac             Patrick Kaleta           60     1   2  2  
 2 Logan Couture            Drew Stafford            40     1   2  2  

Penalty Kill 4 Players Defense
   Defense                  Defense                  Time % Phy DF OF 
 1 Drew Fata                Bryce Lampman            60     1   2  2  
 2 Yann Sauvé               Jake Gardiner            40     1   2  2  

Penalty Kill - 3 Players Forward 
   Forward                                           Time % Phy DF OF 
 1 Travis Zajac                                      60     1   2  2  
 2 Tomas Plekanec                                    40     1   2  2  

Penalty Kill - 3 Players Defense
   Defense                  Defense                  Time % Phy DF OF 
 1 Bryce Lampman            Drew Fata                60     1   2  2  
 2 Alex Pietrangelo         Jake Gardiner            40     1   2  2  

4 vs 4 Forward 
   Center                   Wing                     Time % Phy DF OF 
 1 Travis Zajac             Taylor Hall              60     1   2  2  
 2 Nicklas Backstrom        David Perron             40     1   2  2  

4 vs 4 Defense
   Defense                  Defense                  Time % Phy DF OF 
 1 Victor Hedman            Alex Pietrangelo         60     1   2  2  
 2 Drew Fata                Jake Gardiner            40     1   2  2  

Last Minutes Offensive
   Center                   Left Wing                Right Wing               Defense                  Defense                  
   Nicklas Backstrom        Taylor Hall              Marian Hossa             Jake Gardiner            Alex Pietrangelo         

Last Minutes Defensive
   Center                   Left Wing                Right Wing               Defense                  Defense                  
   Travis Zajac             David Perron             Patrick Kaleta           Bryce Lampman            Drew Fata                

Goaltenders
Starting : Tuukka Rask              
Backup : Ray Emery                

Extra Forwards
Normal : Patrick Kaleta, Drew Stafford, David Perron - PP : Linus Omark, Tomas Plekanec - PK : Nicklas Backstrom
Extra Defensemen
Normal : Jake Gardiner, Yann Sauvé, Drew Fata - PP : Drew Fata - PK : Alex Pietrangelo, Victor Hedman
Penalty Shots
David Perron, Marian Hossa, Logan Couture, Nicklas Backstrom, Sergei Shirokov

Scratches
Jamie Langenbrunner (Healthy), Marcel Hossa (Healthy)

Avalanche

5 vs 5 Forward 
   Center                   Left Wing                Right Wing               Time % Phy DF OF 
 1 Bryan Little             Mikkel Boedker           Corey Perry              35     1   2  2  
 2 Paul Stastny             Andrei Kostitsyn         Alexander Radulov        35     1   2  2  
 3 Cory Emmerton            Ryan Smyth               Brandon Yip              15     1   2  2  
 4 Mike Comrie              Andrew Ladd              Chuck Kobasew            15     1   2  2  

5 vs 5 Defense 
   Defense                  Defense                                           Time % Phy DF OF 
 1 Jack Johnson             Pernell Karl Subban                               40     1   2  2  
 2 Steven Kampfer           Johnny Boychuk                                    35     1   2  2  
 3 Mattias Ekholm           Mark Giordano                                     25     1   2  2  
 4 Jack Johnson             Steven Kampfer                                    0      1   2  2  

PowerPlay Forward 
   Center                   Left Wing                Right Wing               Time % Phy DF OF 
 1 Bryan Little             Mikkel Boedker           Corey Perry              60     1   2  2  
 2 Paul Stastny             Andrei Kostitsyn         Alexander Radulov        40     1   2  2  

PowerPlay Defense
   Defense                  Defense                                           Time % Phy DF OF 
 1 Jack Johnson             Steven Kampfer                                    60     1   2  2  
 2 Pernell Karl Subban      Mattias Ekholm                                    40     1   2  2  

Penalty Kill 4 Players Forward 
   Center                   Wing                     Time % Phy DF OF 
 1 Mike Comrie              Chuck Kobasew            60     1   2  2  
 2 Andrew Ladd              Brandon Yip              40     1   2  2  

Penalty Kill 4 Players Defense
   Defense                  Defense                  Time % Phy DF OF 
 1 Jack Johnson             Pernell Karl Subban      60     1   2  2  
 2 Johnny Boychuk           Mattias Ekholm           40     1   2  2  

Penalty Kill - 3 Players Forward 
   Forward                                           Time % Phy DF OF 
 1 Mike Comrie                                       60     1   2  2  
 2 Chuck Kobasew                                     40     1   2  2  

Penalty Kill - 3 Players Defense
   Defense                  Defense                  Time % Phy DF OF 
 1 Jack Johnson             Pernell Karl Subban      60     1   2  2  
 2 Mattias Ekholm           Johnny Boychuk           40     1   2  2  

4 vs 4 Forward 
   Center                   Wing                     Time % Phy DF OF 
 1 Bryan Little             Mikkel Boedker           60     1   2  2  
 2 Corey Perry              Andrei Kostitsyn         40     1   2  2  

4 vs 4 Defense
   Defense                  Defense                  Time % Phy DF OF 
 1 Jack Johnson             Pernell Karl Subban      60     1   2  2  
 2 Mark Giordano            Johnny Boychuk           40     1   2  2  

Last Minutes Offensive
   Center                   Left Wing                Right Wing               Defense                  Defense                  
   Bryan Little             Mikkel Boedker           Corey Perry              Jack Johnson             Pernell Karl Subban      

Last Minutes Defensive
   Center                   Left Wing                Right Wing               Defense                  Defense                  
   Mike Comrie              Mikkel Boedker           Chuck Kobasew            Jack Johnson             Pernell Karl Subban      

Goaltenders
Starting : Semyon Varlamov          
Backup : Dan Ellis                

Extra Forwards
Normal : Paul Stastny, Alexander Radulov, Cory Emmerton - PP : Paul Stastny, Alexander Radulov - PK : Cory Emmerton
Extra Defensemen
Normal : Johnny Boychuk, Mattias Ekholm, Pernell Karl Subban - PP : Mattias Ekholm - PK : Mattias Ekholm, Pernell Karl Subban
Penalty Shots
Bryan Little, Mikkel Boedker, Corey Perry, Andrei Kostitsyn, Mike Comrie

Scratches
Jay Bouwmeester (Healthy), Marc Staal (Left Forearm Injury)

% Time on Ice - Blues

Lines # - Real PCT - Wanted PCT - Time Play
Normal Forward
1 - 38% - 40% - 15:27
2 - 30% - 30% - 11:53
3 - 18% - 20% - 7:22
4 - 14% - 10% - 5:26
Normal Defense
1 - 43% - 40% - 17:09
2 - 32% - 30% - 12:39
3 - 21% - 20% - 8:23
4 - 5% - 10% - 1:57
PP Forward
1 - 68% - 60% - 5:37
2 - 32% - 40% - 2:35
PP Defense
1 - 71% - 60% - 5:51
2 - 29% - 40% - 2:21
PK Forward
1 - 76% - 60% - 7:06
2 - 24% - 40% - 2:16
PK Defense
1 - 68% - 60% - 6:22
2 - 32% - 40% - 3:00
PK3 Forward
1 - 0% - 60%
2 - 0% - 40%
PK3 Defense
1 - 0% - 60%
2 - 0% - 40%
44 Forward
1 - 89% - 60% - 2:03
2 - 11% - 40% - 0:15
44 Defense
1 - 66% - 60% - 1:31
2 - 34% - 40% - 0:47
Last Minute Offensive  - 0:00
Last Minute Defensive  - 0:00
Total
Forward - 60:00
Defense - 60:00

% Time on Ice - Avalanche

Lines # - Real PCT - Wanted PCT - Time Play
Normal Forward
1 - 35% - 35% - 13:52
2 - 34% - 35% - 13:39
3 - 16% - 15% - 6:32
4 - 15% - 15% - 6:05
Normal Defense
1 - 41% - 40% - 16:38
2 - 35% - 35% - 13:53
3 - 23% - 25% - 9:11
4 - 1% - 0% - 0:26
PP Forward
1 - 61% - 60% - 5:43
2 - 39% - 40% - 3:39
PP Defense
1 - 68% - 60% - 6:21
2 - 32% - 40% - 3:01
PK Forward
1 - 72% - 60% - 5:52
2 - 28% - 40% - 2:20
PK Defense
1 - 67% - 60% - 5:28
2 - 33% - 40% - 2:44
PK3 Forward
1 - 0% - 60%
2 - 0% - 40%
PK3 Defense
1 - 0% - 60%
2 - 0% - 40%
44 Forward
1 - 90% - 60% - 2:04
2 - 10% - 40% - 0:14
44 Defense
1 - 87% - 60% - 2:00
2 - 13% - 40% - 0:18
Last Minute Offensive  - 0:00
Last Minute Defensive  - 0:00
Total
Forward - 60:00
Defense - 60:00

Play by Play

1st period


0:01 of 1st period - Bryan Little wins face-off versus Nicklas Backstrom in neutral zone.
0:06 of 1st period - Mikkel Boedker is hit by Taylor Hall.
0:10 of 1st period - Corey Perry is hit by Bryce Lampman and loses puck.
0:45 of 1st period - Icing by Alexander Radulov.
0:46 of 1st period - Logan Couture wins face-off versus Cory Emmerton in Avalanche zone.
0:49 of 1st period - Snap shot by Chris Higgins.
0:49 of 1st period - Deflect By Logan Couture.
0:49 of 1st period - Stopped by Semyon Varlamov with a rebound.
0:51 of 1st period - Slapshot by Drew Fata.
0:51 of 1st period - Shot Misses the Net.
0:53 of 1st period - Backhand shot by Drew Fata.
0:53 of 1st period - Stopped by Semyon Varlamov with a rebound.
0:59 of 1st period - Backhand shot by Logan Couture.
0:59 of 1st period - Stopped by Semyon Varlamov with a rebound.
1:01 of 1st period - Wrist shot by Patrick Kaleta.
1:01 of 1st period - Goal by Patrick Kaleta - Blues : 1 - Avalanche : 0.
1:02 of 1st period - Mike Comrie wins face-off versus Tomas Plekanec in neutral zone.
1:36 of 1st period - Victor Hedman is hit by Mikkel Boedker and loses puck.
2:20 of 1st period - Logan Couture is hit by Andrei Kostitsyn and loses puck.
2:46 of 1st period - Snap shot by Bryan Little.
2:46 of 1st period - Shot Misses the Net.
2:48 of 1st period - Snap shot by Mikkel Boedker.
2:48 of 1st period - Stopped by Tuukka Rask without a rebound.
2:49 of 1st period - Travis Zajac wins face-off versus Mike Comrie in Blues zone.
2:49 of 1st period - Travis Zajac is hit by Andrew Ladd.
3:15 of 1st period - Alexander Radulov is hit by Jake Gardiner and loses puck.
3:30 of 1st period - Alexander Radulov is hit by Nicklas Backstrom.
3:54 of 1st period - Snap shot by Bryan Little.
3:54 of 1st period - Shot Hit the Post.
4:45 of 1st period - Steven Kampfer is hit by Alex Pietrangelo and loses puck.
5:10 of 1st period - Pernell Karl Subban is hit by Drew Stafford.
5:14 of 1st period - Drew Fata is hit by Jack Johnson and loses puck.
5:45 of 1st period - Minor Penalty to Brandon Yip for Hooking.
5:46 of 1st period - Nicklas Backstrom wins face-off versus Mike Comrie in Avalanche zone.
6:22 of 1st period - Off-side.
6:23 of 1st period - Nicklas Backstrom wins face-off versus Andrew Ladd in neutral zone.
6:30 of 1st period - Slapshot by Pernell Karl Subban.
6:30 of 1st period - Stopped by Tuukka Rask with a rebound.
6:52 of 1st period - Snap shot by David Perron.
6:52 of 1st period - Shot Misses the Net.
7:45 of 1st period - Penalty to Brandon Yip is over, Brandon Yip is back on ice.
7:50 of 1st period - Mattias Ekholm is hit by Logan Couture and loses puck.
7:55 of 1st period - Snap shot by Chris Higgins.
7:55 of 1st period - Deflect By Patrick Kaleta.
7:55 of 1st period - Shot Misses the Net.
7:55 of 1st period - Puck is out of play.
7:56 of 1st period - Logan Couture wins face-off versus Bryan Little in Avalanche zone.
8:07 of 1st period - Wrist shot by Corey Perry.
8:07 of 1st period - Stopped by Tuukka Rask with a rebound.
8:09 of 1st period - Slapshot by Corey Perry.
8:09 of 1st period - Goal by Corey Perry - Blues : 1 - Avalanche : 1.
8:10 of 1st period - Paul Stastny wins face-off versus Marian Hossa in neutral zone.
8:37 of 1st period - Bryce Lampman is hit by Johnny Boychuk and loses puck.
9:26 of 1st period - Slapshot by Johnny Boychuk.
9:26 of 1st period - Shot Misses the Net.
9:49 of 1st period - Wrist shot by Andrei Kostitsyn.
9:49 of 1st period - Stopped by Tuukka Rask without a rebound.
9:50 of 1st period - Travis Zajac wins face-off versus Bryan Little in Blues zone.
10:05 of 1st period - Snap shot by Bryan Little.
10:05 of 1st period - Shot Blocked by Bryce Lampman.
10:47 of 1st period - Wrist shot by Chris Higgins.
10:47 of 1st period - Shot Blocked by Pernell Karl Subban.
11:03 of 1st period - Snap shot by Brandon Yip.
11:03 of 1st period - Shot Misses the Net.
11:05 of 1st period - Slapshot by Pernell Karl Subban.
11:05 of 1st period - Shot Hit the Post.
11:07 of 1st period - Wrist shot by Cory Emmerton.
11:07 of 1st period - Shot Blocked by Drew Fata.
11:09 of 1st period - Slapshot by Brandon Yip.
11:09 of 1st period - Shot Misses the Net.
11:28 of 1st period - Off-side.
11:29 of 1st period - Nicklas Backstrom wins face-off versus Paul Stastny in neutral zone.
11:32 of 1st period - Slapshot by Victor Hedman.
11:32 of 1st period - Shot Misses the Net.
11:40 of 1st period - Snap shot by Nicklas Backstrom.
11:40 of 1st period - Shot Misses the Net.
11:42 of 1st period - Wrist shot by Taylor Hall.
11:42 of 1st period - Stopped by Semyon Varlamov without a rebound.
11:43 of 1st period - Bryan Little wins face-off versus Nicklas Backstrom in Avalanche zone.
12:12 of 1st period - Icing by Steven Kampfer.
12:13 of 1st period - Paul Stastny wins face-off versus Travis Zajac in Avalanche zone.
12:19 of 1st period - Minor Penalty to Sergei Shirokov for Hooking.
12:20 of 1st period - Travis Zajac wins face-off versus Bryan Little in Blues zone.
12:55 of 1st period - Wrist shot by Alexander Radulov.
12:55 of 1st period - Shot Blocked by Travis Zajac.
12:57 of 1st period - Slapshot by Steven Kampfer.
12:57 of 1st period - Deflect By Paul Stastny.
12:57 of 1st period - Stopped by Tuukka Rask with a rebound.
13:57 of 1st period - Minor Penalty to Alexander Radulov for Goalie Interference.
13:58 of 1st period - Bryan Little wins face-off versus Travis Zajac in Avalanche zone.
14:02 of 1st period - Snap shot by Mikkel Boedker.
14:02 of 1st period - Stopped by Tuukka Rask with a rebound.
14:10 of 1st period - Wrist shot by Alex Pietrangelo.
14:10 of 1st period - Stopped by Semyon Varlamov without a rebound.
14:11 of 1st period - Travis Zajac wins face-off versus Bryan Little in Avalanche zone.
14:19 of 1st period - Penalty to Sergei Shirokov is over, Sergei Shirokov is back on ice.
14:29 of 1st period - Snap shot by Travis Zajac.
14:29 of 1st period - Goal by Travis Zajac - Blues : 2 - Avalanche : 1.
14:30 of 1st period - Bryan Little wins face-off versus Nicklas Backstrom in neutral zone.
14:41 of 1st period - Snap shot by Corey Perry.
14:41 of 1st period - Stopped by Tuukka Rask with a rebound.
14:43 of 1st period - Wrist shot by Pernell Karl Subban.
14:43 of 1st period - Stopped by Tuukka Rask with a rebound.
15:06 of 1st period - Snap shot by Bryan Little.
15:06 of 1st period - Stopped by Tuukka Rask with a rebound.
15:08 of 1st period - Wrist shot by Corey Perry.
15:08 of 1st period - Shot Hit the Post.
15:10 of 1st period - Backhand shot by Corey Perry.
15:10 of 1st period - Shot Misses the Net.
15:12 of 1st period - Slapshot by Bryan Little.
15:12 of 1st period - Shot Misses the Net.
15:14 of 1st period - Wrist shot by Mikkel Boedker.
15:14 of 1st period - Shot Misses the Net.
15:42 of 1st period - Wrist shot by Bryan Little.
15:42 of 1st period - Stopped by Tuukka Rask with a rebound.
16:10 of 1st period - Wrist shot by Bryan Little.
16:10 of 1st period - Stopped by Tuukka Rask with a rebound.
16:12 of 1st period - Slapshot by Bryan Little.
16:12 of 1st period - Shot Misses the Net.
16:14 of 1st period - Wrist shot by Mikkel Boedker.
16:14 of 1st period - Stopped by Tuukka Rask without a rebound.
16:15 of 1st period - Travis Zajac wins face-off versus Paul Stastny in Blues zone.
16:38 of 1st period - David Perron is hit by Paul Stastny and loses puck.
16:53 of 1st period - David Perron is hit by Paul Stastny and loses puck.
17:33 of 1st period - Wrist shot by Paul Stastny.
17:33 of 1st period - Stopped by Tuukka Rask without a rebound.
17:34 of 1st period - Mike Comrie wins face-off versus Logan Couture in Blues zone.
17:35 of 1st period - Slapshot by Chuck Kobasew.
17:35 of 1st period - Stopped by Tuukka Rask with a rebound.
17:37 of 1st period - Minor Penalty to Logan Couture for Holding.
17:38 of 1st period - Bryan Little wins face-off versus Nicklas Backstrom in Blues zone.
19:02 of 1st period - Drew Stafford is hit by Andrew Ladd and loses puck.
19:37 of 1st period - Penalty to Logan Couture is over, Logan Couture is back on ice.
19:58 of 1st period - Icing by Victor Hedman.
19:59 of 1st period - Nicklas Backstrom wins face-off versus Mike Comrie in Blues zone.
Goals for this period are 2 for Blues vs 1 for Avalanche.
Shots for this period are 7 for Blues vs 15 for Avalanche.

2nd period


0:01 of 2nd period - Paul Stastny wins face-off versus Nicklas Backstrom in neutral zone.
0:32 of 2nd period - Minor Penalty to Alex Pietrangelo for Hooking.
0:33 of 2nd period - Bryan Little wins face-off versus Travis Zajac in Blues zone.
1:00 of 2nd period - Paul Stastny is hit by Bryce Lampman and loses puck.
1:14 of 2nd period - Icing by Steven Kampfer.
1:15 of 2nd period - Travis Zajac wins face-off versus Paul Stastny in Avalanche zone.
1:22 of 2nd period - Slapshot by Travis Zajac.
1:22 of 2nd period - Shot Misses the Net.
1:38 of 2nd period - Icing by Bryan Little.
1:39 of 2nd period - Bryan Little wins face-off versus Logan Couture in Avalanche zone.
1:52 of 2nd period - Off-side.
1:53 of 2nd period - Travis Zajac wins face-off versus Bryan Little in neutral zone.
2:04 of 2nd period - Backhand shot by Patrick Kaleta.
2:04 of 2nd period - Shot Misses the Net.
2:08 of 2nd period - Snap shot by Travis Zajac.
2:08 of 2nd period - Stopped by Semyon Varlamov without a rebound.
2:09 of 2nd period - Bryan Little wins face-off versus Travis Zajac in Avalanche zone.
2:11 of 2nd period - Minor Penalty to Bryan Little for Tripping.
2:12 of 2nd period - Paul Stastny wins face-off versus Travis Zajac in Avalanche zone.
2:32 of 2nd period - Penalty to Alex Pietrangelo is over, Alex Pietrangelo is back on ice.
3:09 of 2nd period - Mike Comrie is hit by Alex Pietrangelo and loses puck.
4:11 of 2nd period - Penalty to Bryan Little is over, Bryan Little is back on ice.
4:43 of 2nd period - Drew Stafford is hit by Andrei Kostitsyn and loses puck.
5:27 of 2nd period - Snap shot by Chuck Kobasew.
5:27 of 2nd period - Stopped by Tuukka Rask without a rebound.
5:28 of 2nd period - Mike Comrie wins face-off versus Nicklas Backstrom in Blues zone.
5:49 of 2nd period - Chuck Kobasew is hit by Drew Fata and loses puck.
6:26 of 2nd period - Wrist shot by Andrew Ladd.
6:26 of 2nd period - Goal by Andrew Ladd - Blues : 2 - Avalanche : 2.
6:27 of 2nd period - Paul Stastny wins face-off versus Travis Zajac in neutral zone.
6:40 of 2nd period - Slapshot by Alexander Radulov.
6:40 of 2nd period - Stopped by Tuukka Rask without a rebound.
6:41 of 2nd period - David Perron wins face-off versus Bryan Little in Blues zone.
6:41 of 2nd period - David Perron is hit by Bryan Little.
7:07 of 2nd period - Mikkel Boedker is hit by Alex Pietrangelo and loses puck.
7:24 of 2nd period - Wrist shot by Mikkel Boedker.
7:24 of 2nd period - Shot Misses the Net.
7:26 of 2nd period - Snap shot by Corey Perry.
7:26 of 2nd period - Stopped by Tuukka Rask with a rebound.
7:28 of 2nd period - Slapshot by Corey Perry.
7:28 of 2nd period - Shot Blocked by Tomas Plekanec.
7:30 of 2nd period - Snap shot by Mattias Ekholm.
7:30 of 2nd period - Shot Misses the Net.
7:32 of 2nd period - Snap shot by Corey Perry.
7:32 of 2nd period - Shot Blocked by Drew Stafford.
7:38 of 2nd period - Slapshot by Bryce Lampman.
7:38 of 2nd period - Shot Blocked by Bryan Little.
7:40 of 2nd period - Slapshot by Alex Pietrangelo.
7:40 of 2nd period - Shot Blocked by Bryan Little.
7:42 of 2nd period - Snap shot by Drew Stafford.
7:42 of 2nd period - Shot Blocked by Johnny Boychuk.
7:44 of 2nd period - Snap shot by Drew Stafford.
7:44 of 2nd period - Deflect By Tomas Plekanec.
7:44 of 2nd period - Shot Misses the Net.
7:44 of 2nd period - Puck is out of play.
7:45 of 2nd period - Nicklas Backstrom wins face-off versus Paul Stastny in Avalanche zone.
7:46 of 2nd period - Slapshot by Taylor Hall.
7:46 of 2nd period - Stopped by Semyon Varlamov with a rebound.
7:48 of 2nd period - Minor Penalty to Jack Johnson for Hooking.
7:49 of 2nd period - Taylor Hall wins face-off versus Mike Comrie in Avalanche zone.
7:50 of 2nd period - Slapshot by Alex Pietrangelo.
7:50 of 2nd period - Shot Blocked by Pernell Karl Subban.
8:05 of 2nd period - Icing by Taylor Hall.
8:06 of 2nd period - Nicklas Backstrom wins face-off versus Mike Comrie in Blues zone.
8:37 of 2nd period - Slapshot by Alex Pietrangelo.
8:37 of 2nd period - Deflect By Mike Comrie.
8:37 of 2nd period - Stopped by Semyon Varlamov with a rebound.
8:39 of 2nd period - Slapshot by Nicklas Backstrom.
8:39 of 2nd period - Stopped by Semyon Varlamov with a rebound.
8:41 of 2nd period - Wrist shot by Nicklas Backstrom.
8:41 of 2nd period - Shot Blocked by Pernell Karl Subban.
8:59 of 2nd period - Snap shot by Taylor Hall.
8:59 of 2nd period - Shot Misses the Net.
9:01 of 2nd period - Snap shot by Marian Hossa.
9:01 of 2nd period - Stopped by Semyon Varlamov with a rebound.
9:15 of 2nd period - Jake Gardiner is hit by Mark Giordano and loses puck.
9:26 of 2nd period - Slapshot by Alex Pietrangelo.
9:26 of 2nd period - Shot Misses the Net.
9:48 of 2nd period - Penalty to Jack Johnson is over, Jack Johnson is back on ice.
10:30 of 2nd period - Slapshot by Alex Pietrangelo.
10:30 of 2nd period - Shot Blocked by Pernell Karl Subban.
10:40 of 2nd period - Snap shot by Taylor Hall.
10:40 of 2nd period - Deflect By Nicklas Backstrom.
10:40 of 2nd period - Shot Misses the Net.
10:40 of 2nd period - Puck is out of play.
10:41 of 2nd period - Travis Zajac wins face-off versus Bryan Little in Avalanche zone.
10:54 of 2nd period - Wrist shot by Travis Zajac.
10:54 of 2nd period - Shot Blocked by Corey Perry.
11:12 of 2nd period - Slapshot by Logan Couture.
11:12 of 2nd period - Shot Blocked by Mattias Ekholm.
11:14 of 2nd period - Wrist shot by Yann Sauvé.
11:14 of 2nd period - Shot Misses the Net.
11:16 of 2nd period - Snap shot by Chris Higgins.
11:16 of 2nd period - Stopped by Semyon Varlamov without a rebound.
11:17 of 2nd period - Bryan Little wins face-off versus Logan Couture in Avalanche zone.
11:32 of 2nd period - Corey Perry is hit by Logan Couture and loses puck.
12:04 of 2nd period - Slapshot by Mikkel Boedker.
12:04 of 2nd period - Stopped by Tuukka Rask without a rebound.
12:05 of 2nd period - Paul Stastny wins face-off versus Sergei Shirokov in Blues zone.
12:38 of 2nd period - Slapshot by Bryce Lampman.
12:38 of 2nd period - Shot Blocked by Mattias Ekholm.
12:56 of 2nd period - Mark Giordano is hit by Yann Sauvé and loses puck.
13:48 of 2nd period - Patrick Kaleta is hit by Andrei Kostitsyn and loses puck.
14:03 of 2nd period - Slapshot by Andrei Kostitsyn.
14:03 of 2nd period - Stopped by Tuukka Rask without a rebound.
14:04 of 2nd period - Travis Zajac wins face-off versus Bryan Little in Blues zone.
14:04 of 2nd period - Travis Zajac is hit by Mikkel Boedker.
14:20 of 2nd period - Wrist shot by David Perron.
14:20 of 2nd period - Stopped by Semyon Varlamov without a rebound.
14:21 of 2nd period - Cory Emmerton wins face-off versus Nicklas Backstrom in Avalanche zone.
14:55 of 2nd period - Snap shot by Bryan Little.
14:55 of 2nd period - Shot Blocked by Alex Pietrangelo.
14:57 of 2nd period - Snap shot by Corey Perry.
14:57 of 2nd period - Shot Misses the Net.
15:11 of 2nd period - Wrist shot by Linus Omark.
15:11 of 2nd period - Shot Hit the Post.
15:13 of 2nd period - Snap shot by Bryce Lampman.
15:13 of 2nd period - Shot Misses the Net.
16:14 of 2nd period - Yann Sauvé is hit by Cory Emmerton and loses puck.
16:33 of 2nd period - Corey Perry is hit by Taylor Hall and loses puck.
18:00 of 2nd period - Slapshot by Drew Stafford.
18:00 of 2nd period - Deflect By Tomas Plekanec.
18:00 of 2nd period - Stopped by Semyon Varlamov without a rebound.
18:01 of 2nd period - Tomas Plekanec wins face-off versus Bryan Little in Avalanche zone.
18:07 of 2nd period - Minor Penalty to Mikkel Boedker for Tripping.
18:08 of 2nd period - Mike Comrie wins face-off versus Nicklas Backstrom in Avalanche zone.
18:16 of 2nd period - Slapshot by Victor Hedman.
18:16 of 2nd period - Stopped by Semyon Varlamov with a rebound.
Goals for this period are 0 for Blues vs 1 for Avalanche.
Shots for this period are 9 for Blues vs 6 for Avalanche.

3rd period


0:01 of 3rd period - Nicklas Backstrom wins face-off versus Mike Comrie in neutral zone.
0:07 of 3rd period - Penalty to Mikkel Boedker is over, Mikkel Boedker is back on ice.
0:10 of 3rd period - Wrist shot by Taylor Hall.
0:10 of 3rd period - Shot Blocked by Jack Johnson.
0:57 of 3rd period - Snap shot by Brandon Yip.
0:57 of 3rd period - Shot Blocked by Logan Couture.
1:13 of 3rd period - Off-side.
1:14 of 3rd period - Nicklas Backstrom wins face-off versus Bryan Little in neutral zone.
1:19 of 3rd period - Snap shot by Alex Pietrangelo.
1:19 of 3rd period - Deflect By Marian Hossa.
1:19 of 3rd period - Stopped by Semyon Varlamov without a rebound.
1:20 of 3rd period - Nicklas Backstrom wins face-off versus Paul Stastny in Avalanche zone.
1:23 of 3rd period - Wrist shot by Marian Hossa.
1:23 of 3rd period - Shot Misses the Net.
2:24 of 3rd period - Mark Giordano is hit by Bryce Lampman and loses puck.
2:41 of 3rd period - Slapshot by Nicklas Backstrom.
2:41 of 3rd period - Stopped by Semyon Varlamov without a rebound.
2:42 of 3rd period - Nicklas Backstrom wins face-off versus Mike Comrie in Avalanche zone.
2:43 of 3rd period - Snap shot by Taylor Hall.
2:43 of 3rd period - Shot Blocked by Chuck Kobasew.
3:06 of 3rd period - Minor Penalty to Marian Hossa for Hooking.
3:07 of 3rd period - Bryan Little wins face-off versus Travis Zajac in Blues zone.
3:11 of 3rd period - Snap shot by Mikkel Boedker.
3:11 of 3rd period - Stopped by Tuukka Rask with a rebound.
3:13 of 3rd period - Wrist shot by Mikkel Boedker.
3:13 of 3rd period - Shot Misses the Net.
3:15 of 3rd period - Snap shot by Jack Johnson.
3:15 of 3rd period - Stopped by Tuukka Rask without a rebound.
3:16 of 3rd period - Travis Zajac wins face-off versus Bryan Little in Blues zone.
3:27 of 3rd period - Drew Fata is hit by Corey Perry and loses puck.
3:34 of 3rd period - Wrist shot by Bryan Little.
3:34 of 3rd period - Shot Misses the Net.
3:36 of 3rd period - Slapshot by Jack Johnson.
3:36 of 3rd period - Shot Misses the Net.
3:58 of 3rd period - Drew Stafford is hit by Corey Perry.
4:12 of 3rd period - Wrist shot by Bryan Little.
4:12 of 3rd period - Stopped by Tuukka Rask with a rebound.
4:14 of 3rd period - Slapshot by Jack Johnson.
4:14 of 3rd period - Shot Blocked by Yann Sauvé.
4:16 of 3rd period - Snap shot by Jack Johnson.
4:16 of 3rd period - Stopped by Tuukka Rask with a rebound.
4:18 of 3rd period - Snap shot by Bryan Little.
4:18 of 3rd period - Deflect By Corey Perry.
4:18 of 3rd period - Goal by Corey Perry - Blues : 2 - Avalanche : 3.
4:19 of 3rd period - Nicklas Backstrom wins face-off versus Paul Stastny in neutral zone.
4:24 of 3rd period - Marian Hossa is hit by Paul Stastny.
4:49 of 3rd period - Icing by Alex Pietrangelo.
4:50 of 3rd period - Cory Emmerton wins face-off versus Travis Zajac in Blues zone.
5:33 of 3rd period - Slapshot by David Perron.
5:33 of 3rd period - Shot Misses the Net.
5:52 of 3rd period - Minor Penalty to Andrew Ladd for Roughing.
5:53 of 3rd period - Nicklas Backstrom wins face-off versus Mike Comrie in Avalanche zone.
5:58 of 3rd period - Wrist shot by Nicklas Backstrom.
5:58 of 3rd period - Shot Blocked by Mike Comrie.
6:06 of 3rd period - Wrist shot by Chuck Kobasew.
6:06 of 3rd period - Shot Blocked by Jake Gardiner.
6:08 of 3rd period - Snap shot by Chuck Kobasew.
6:08 of 3rd period - Shot Misses the Net.
6:14 of 3rd period - Minor Penalty to Marian Hossa for Interference.
6:15 of 3rd period - Travis Zajac wins face-off versus Bryan Little in Blues zone.
6:23 of 3rd period - Slapshot by Jake Gardiner.
6:23 of 3rd period - Deflect By Taylor Hall.
6:23 of 3rd period - Stopped by Semyon Varlamov without a rebound.
6:24 of 3rd period - Bryan Little wins face-off versus Travis Zajac in Avalanche zone.
6:24 of 3rd period - Bryan Little is hit by Travis Zajac.
6:36 of 3rd period - Wrist shot by Travis Zajac.
6:36 of 3rd period - Shot Blocked by Jack Johnson.
6:38 of 3rd period - Slapshot by Jake Gardiner.
6:38 of 3rd period - Deflect By Taylor Hall.
6:38 of 3rd period - Stopped by Semyon Varlamov with a rebound.
6:40 of 3rd period - Snap shot by Taylor Hall.
6:40 of 3rd period - Stopped by Semyon Varlamov without a rebound.
6:41 of 3rd period - Travis Zajac wins face-off versus Bryan Little in Avalanche zone.
6:42 of 3rd period - Slapshot by Alex Pietrangelo.
6:42 of 3rd period - Stopped by Semyon Varlamov without a rebound.
6:43 of 3rd period - Bryan Little wins face-off versus Travis Zajac in Avalanche zone.
6:45 of 3rd period - Icing by Pernell Karl Subban.
6:46 of 3rd period - Bryan Little wins face-off versus Travis Zajac in Avalanche zone.
7:33 of 3rd period - Wrist shot by Andrei Kostitsyn.
7:33 of 3rd period - Stopped by Tuukka Rask without a rebound.
7:34 of 3rd period - Travis Zajac wins face-off versus Bryan Little in Blues zone.
7:52 of 3rd period - Penalty to Andrew Ladd is over, Andrew Ladd is back on ice.
8:14 of 3rd period - Penalty to Marian Hossa is over, Marian Hossa is back on ice.
8:14 of 3rd period - Slapshot by Corey Perry.
8:14 of 3rd period - Deflect By Andrew Ladd.
8:14 of 3rd period - Shot Blocked by Alex Pietrangelo.
8:14 of 3rd period - Puck is out of play.
8:15 of 3rd period - Cory Emmerton wins face-off versus Tomas Plekanec in Blues zone.
8:16 of 3rd period - Wrist shot by Ryan Smyth.
8:16 of 3rd period - Goal by Ryan Smyth - Blues : 2 - Avalanche : 4.
8:17 of 3rd period - Paul Stastny wins face-off versus Marian Hossa in neutral zone.
8:26 of 3rd period - Snap shot by Alexander Radulov.
8:26 of 3rd period - Stopped by Tuukka Rask with a rebound.
8:28 of 3rd period - Snap shot by Paul Stastny.
8:28 of 3rd period - Shot Misses the Net.
8:30 of 3rd period - Snap shot by Alexander Radulov.
8:30 of 3rd period - Stopped by Tuukka Rask with a rebound.
8:32 of 3rd period - Wrist shot by Alexander Radulov.
8:32 of 3rd period - Goal by Alexander Radulov - Blues : 2 - Avalanche : 5.
8:33 of 3rd period - Nicklas Backstrom wins face-off versus Paul Stastny in neutral zone.
8:42 of 3rd period - Backhand shot by Jack Johnson.
8:42 of 3rd period - Stopped by Tuukka Rask without a rebound.
8:43 of 3rd period - Nicklas Backstrom wins face-off versus Paul Stastny in Blues zone.
9:26 of 3rd period - Slapshot by Alex Pietrangelo.
9:26 of 3rd period - Deflect By Alexander Radulov.
9:26 of 3rd period - Stopped by Semyon Varlamov without a rebound.
9:27 of 3rd period - Bryan Little wins face-off versus Travis Zajac in Avalanche zone.
9:35 of 3rd period - Backhand shot by Johnny Boychuk.
9:35 of 3rd period - Stopped by Tuukka Rask without a rebound.
9:36 of 3rd period - Bryan Little wins face-off versus Travis Zajac in Blues zone.
9:45 of 3rd period - Snap shot by Mikkel Boedker.
9:45 of 3rd period - Shot Misses the Net.
9:47 of 3rd period - Slapshot by Mikkel Boedker.
9:47 of 3rd period - Shot Misses the Net.
9:49 of 3rd period - Snap shot by Corey Perry.
9:49 of 3rd period - Stopped by Tuukka Rask without a rebound.
9:50 of 3rd period - Nicklas Backstrom wins face-off versus Paul Stastny in Blues zone.
9:55 of 3rd period - Snap shot by Alex Pietrangelo.
9:55 of 3rd period - Shot Blocked by Steven Kampfer.
10:43 of 3rd period - Patrick Kaleta is hit by Andrew Ladd and loses puck.
11:54 of 3rd period - Minor Penalty to Travis Zajac for Tripping.
11:55 of 3rd period - Nicklas Backstrom wins face-off versus Bryan Little in Blues zone.
11:55 of 3rd period - Nicklas Backstrom is hit by Bryan Little.
12:05 of 3rd period - Snap shot by Bryan Little.
12:05 of 3rd period - Shot Misses the Net.
12:07 of 3rd period - Wrist shot by Bryan Little.
12:07 of 3rd period - Shot Blocked by Drew Fata.
12:09 of 3rd period - Wrist shot by Mikkel Boedker.
12:09 of 3rd period - Shot Misses the Net.
12:11 of 3rd period - Snap shot by Corey Perry.
12:11 of 3rd period - Stopped by Tuukka Rask without a rebound.
12:12 of 3rd period - Nicklas Backstrom wins face-off versus Bryan Little in Blues zone.
12:40 of 3rd period - Patrick Kaleta is hit by Jack Johnson and loses puck.
13:01 of 3rd period - Pernell Karl Subban is hit by Yann Sauvé and loses puck.
13:14 of 3rd period - Yann Sauvé is hit by Paul Stastny.
13:54 of 3rd period - Penalty to Travis Zajac is over, Travis Zajac is back on ice.
14:06 of 3rd period - Slapshot by Ryan Smyth.
14:06 of 3rd period - Stopped by Tuukka Rask without a rebound.
14:07 of 3rd period - Cory Emmerton wins face-off versus Travis Zajac in Blues zone.
14:26 of 3rd period - Slapshot by Jack Johnson.
14:26 of 3rd period - Shot Blocked by Victor Hedman.
14:42 of 3rd period - Snap shot by Cory Emmerton.
14:42 of 3rd period - Stopped by Tuukka Rask without a rebound.
14:43 of 3rd period - Nicklas Backstrom wins face-off versus Paul Stastny in Blues zone.
14:45 of 3rd period - Minor Penalty to Alex Pietrangelo for Interference.
14:46 of 3rd period - Bryan Little wins face-off versus Travis Zajac in Blues zone.
14:50 of 3rd period - Snap shot by Mikkel Boedker.
14:50 of 3rd period - Shot Blocked by Drew Fata.
15:18 of 3rd period - Wrist shot by Andrei Kostitsyn.
15:18 of 3rd period - Goal by Andrei Kostitsyn - Blues : 2 - Avalanche : 6.
15:19 of 3rd period - Paul Stastny wins face-off versus Nicklas Backstrom in neutral zone.
15:22 of 3rd period - Slapshot by Jack Johnson.
15:22 of 3rd period - Stopped by Tuukka Rask without a rebound.
15:23 of 3rd period - Paul Stastny wins face-off versus Nicklas Backstrom in Blues zone.
15:26 of 3rd period - Slapshot by Jack Johnson.
15:26 of 3rd period - Stopped by Tuukka Rask without a rebound.
15:27 of 3rd period - Paul Stastny wins face-off versus Nicklas Backstrom in Blues zone.
15:40 of 3rd period - Slapshot by Nicklas Backstrom.
15:40 of 3rd period - Shot Blocked by Pernell Karl Subban.
16:23 of 3rd period - Slapshot by Alex Pietrangelo.
16:23 of 3rd period - Stopped by Semyon Varlamov without a rebound.
16:24 of 3rd period - Travis Zajac wins face-off versus Bryan Little in Avalanche zone.
16:29 of 3rd period - Snap shot by Travis Zajac.
16:29 of 3rd period - Shot Misses the Net.
17:30 of 3rd period - Wrist shot by David Perron.
17:30 of 3rd period - Deflect By Bryan Little.
17:30 of 3rd period - Stopped by Semyon Varlamov without a rebound.
17:31 of 3rd period - Travis Zajac wins face-off versus Bryan Little in Avalanche zone.
17:32 of 3rd period - Slapshot by David Perron.
17:32 of 3rd period - Shot Misses the Net.
17:34 of 3rd period - Slapshot by Travis Zajac.
17:34 of 3rd period - Stopped by Semyon Varlamov with a rebound.
17:36 of 3rd period - Wrist shot by David Perron.
17:36 of 3rd period - Stopped by Semyon Varlamov without a rebound.
17:37 of 3rd period - Paul Stastny wins face-off versus Marian Hossa in Avalanche zone.
17:46 of 3rd period - Wrist shot by Andrei Kostitsyn.
17:46 of 3rd period - Goal by Andrei Kostitsyn - Blues : 2 - Avalanche : 7.
17:47 of 3rd period - Nicklas Backstrom wins face-off versus Paul Stastny in neutral zone.
18:20 of 3rd period - Snap shot by Mikkel Boedker.
18:20 of 3rd period - Shot Misses the Net.
18:22 of 3rd period - Slapshot by Johnny Boychuk.
18:22 of 3rd period - Stopped by Tuukka Rask without a rebound.
18:23 of 3rd period - Nicklas Backstrom wins face-off versus Paul Stastny in Blues zone.
18:28 of 3rd period - Taylor Hall is hit by Alexander Radulov and loses puck.
19:07 of 3rd period - Snap shot by Bryan Little.
19:07 of 3rd period - Stopped by Tuukka Rask without a rebound.
19:08 of 3rd period - Mike Comrie wins face-off versus Logan Couture in Blues zone.
19:56 of 3rd period - Minor Penalty to Mattias Ekholm for Tripping.
19:57 of 3rd period - Nicklas Backstrom wins face-off versus Chuck Kobasew in Avalanche zone.
Goals for this period are 0 for Blues vs 5 for Avalanche.
Shots for this period are 11 for Blues vs 22 for Avalanche.